cohdb
Replays
Latest Replays
All Replays
Popular Replays
Top Player Replays
Match Explorer
How It Works
Community
CoH3 Stats
Reddit
Sign in to upload your games and track your stats! →
Sign in with Steam
Match 43275284
Unlisted
Match 43275284
Overview
Messages
Build Orders
End
Kettenkrad Recon Vehicle
Construct Infanterie Kompanie
Selects Terror Battlegroup
Selects Machine Gun Camouflage
MG 42 Machine Gun Team
Grenadier Squad
GrW 34 Mortar Team
Construct Luftwaffe Kompanie
Grenadier Squad
Support Elements
221 Scout Car
Pioneer Squad
Wirbelwind Flakpanzer
Flak 30 Anti-aircraft Gun Team
Forward Retreat Point
Construct Panzergrenadier Kompanie
Selects Contempt for the Weak
Selects Propaganda Leaflet Drop
251 Medium Carrier
Pak 40 Anti-tank Gun Team
StuG III G Assault Gun
Propaganda Leaflet Drop
Wirbelwind Flakpanzer
Selects V1 Rocket Strike
Nebelwerfer 42 Rocket Launcher Team
V1 Rocket Strike
Construct Panzer Kompanie
Selects Defend the Fatherland
Propaganda Leaflet Drop
Pioneer Squad
Panzer IV Medium Tank
Panzergrenadier Squad
Side Skirts
Pioneer Squad
Pioneer Squad
Guderian ITA
Fajolada
Marchino
JSN
brensmalls12345
Carry Potter
0
0
Comments
sign in to comment!
No comments posted yet!